 Dungeon Crawl Stone Soup version 0.30-a0-305-g026cb31310 (webtiles) character file.

Game seed: 1139727747986166390

3425 billz999 the Cleaver (level 9, -3/72 HPs)
             Began as a Demonspawn Fighter on Oct 21, 2022.
             Was a Believer of Trog.
             Slain by Grum
             ... wielding a -1 spear
              (5 damage)
             ... on level 8 of the Dungeon.
             The game lasted 00:11:21 (6993 turns).

billz999 the Cleaver (Demonspawn Fighter)           Turns: 6993, Time: 00:11:22

Health: -3/72      AC: 14    Str: 20    XL:     9   Next: 76%
Magic:  9/9        EV:  9    Int: 16    God:    Trog [**....]
Gold:   336        SH:  4    Dex: 13    Spells: 8/8 levels left

rFire   . . .      SeeInvis .    a - +0 war axe
rCold   . . .      Faith    .    c - +0 buckler
rNeg    . . .      Spirit   .    b - +0 scale mail
rPois   +          Reflect  .    C - +0 helmet of Dim Light {+Blink rPois Will-}
rElec   .          Harm     .    (no cloak)
rCorr   .          Rampage  .    (gloves unavailable)
Will    .....                    q - +1 pair of boots
Stlth   ..........               (no amulet)
HPRegen 0.32/turn                v - +6 ring of intelligence
MPRegen 0.11/turn                (no ring)

@: brilliant, on berserk cooldown, slowed, very slow
A: molten scales 2, foul stench 1, demonic touch 3
a: Renounce Religion, Evoke Blink, Berserk, Trog's Hand


You were on level 8 of the Dungeon.
You worshipped Trog.
Trog was pleased with you.
You visited 1 branch of the dungeon, and saw 8 of its levels.

You collected 336 gold pieces.

Inventory:

Hand Weapons
 a - a +0 war axe (weapon)
Armour
 b - a +0 scale mail (worn)
 c - a +0 buckler (worn)
 q - a +1 pair of boots (worn)
 C - the +0 helmet of Dim Light (worn) {+Blink rPois Will-}
   (You found it on level 5 of the Dungeon)

   rPois:     It protects you from poison.
   +Blink:    It lets you blink.
   Will:      It decreases your willpower.
Jewellery
 v - a +6 ring of intelligence (left hand)
Wands
 A - a wand of roots (17)
 B - a wand of flame (18)
 F - a wand of paralysis (7)
 G - a wand of acid (6)
 I - a wand of polymorph (11)
Scrolls
 e - a scroll of vulnerability {unknown}
 f - 5 scrolls of identify
 j - 5 scrolls of teleportation
 o - a scroll of fog {unknown}
 p - a scroll of enchant armour
 u - 2 scrolls of poison {unknown}
 w - a scroll of summoning {unknown}
 x - 4 scrolls of magic mapping {unknown}
 y - 2 scrolls of immolation {unknown}
 z - a scroll of brand weapon {unknown}
 D - 4 scrolls of enchant weapon {unknown}
 E - a scroll of amnesia {unknown}
 H - a scroll of noise {unknown}
 J - a scroll of blinking {unknown}
Potions
 d - 3 potions of might
 g - a potion of mutation {unknown}
 h - a potion of haste {unknown}
 i - a potion of cancellation {unknown}
 k - a potion of flight {unknown}
 l - a potion of invisibility {unknown}
 m - a potion of resistance {unknown}
 n - a potion of attraction {unknown}
 r - a potion of heal wounds {unknown}
 s - 2 potions of curing
 t - 2 potions of brilliance


   Skills:
 + Level 7.5 Fighting
 * Level 9.2 Axes
 + Level 6.8 Armour
 - Level 3.3 Shields


You had 8 spell levels left.
You didn't know any spells.
Your spell library contained the following spells:

 Spells                   Type           Power      Damage    Failure   Level
 Sting                    Tmut/Pois      0%         1d3       65%         1
 Poisonous Vapours        Pois/Air       0%         N/A       78%         2
 Olgreb's Toxic Radiance  Pois           0%         N/A       100%        4


Dungeon Overview and Level Annotations

Branches:
Dungeon (8/15)             Temple (0/1) D:4
   Lair: D:8-11

Altars:
Ashenzari
Okawaru
Trog

Shops:
D:3 (   D:5 :

Annotations:
D:8 1 transporter, Grum


Innate Abilities, Weirdness & Mutations

You are mostly covered in molten scales. (AC +3)
You may rarely emit foul miasma when damaged in melee.
Your touch may irresistibly damage your foes and sap their willpower.


Message History

You barely miss the wolf.
The wolf is severely wounded.
You are no longer berserk.
You are exhausted.
You feel yourself slow down.
You hit the wolf.
The wolf is lightly wounded.
You barely miss the wolf. The wolf bites you.
The wolf bites you but does no damage.
Grum hits you from afar with a -1 spear.
* * * LOW HITPOINT WARNING * * *
The wolf barely misses you. You block the wolf's attack.
Grum glances around and shouts, "Rover!
Here boy!"
Grum barely misses you. The wolf bites you.
* * * LOW HITPOINT WARNING * * *
The wolf bites you but does no damage.
As you read the scroll labelled DAC FUIWAER, it crumbles to dust.
It is a scroll of identify.
j - 5 scrolls of teleportation The wolf bites you.
* * * LOW HITPOINT WARNING * * *
The wolf closely misses you. Grum hits you but does no damage.
The wolf bites you but does no damage. The wolf bites you!
* * * LOW HITPOINT WARNING * * *
Grum barely misses you. The wolf barely misses you.
It was a potion of brilliance.
You feel clever all of a sudden. The wolf closely misses you.
The wolf bites you but does no damage. The wolf bites you.
* * * LOW HITPOINT WARNING * * *
You block Grum's attack. The wolf barely misses you.
The wolf bites you but does no damage.
Okay, then.
As you read the scroll labelled OJESHI YSHOE, it crumbles to dust.
It is a scroll of enchant armour.
Your +0 pair of boots glows green for a moment.
The wolf bites you but does no damage. You block the wolf's attack.
The wolf misses you.
Grum hits you from afar with a -1 spear.
You die...

#######....(
...#..........##
[.............#.
#...........<....
###.hh ........##..#
#.... .......#....
###.g. .##.........
#...h## ##........
#..h@## ##........
###....######...#.....
#.........##....#....#
#................#>....
#..................#.#.
##.(.###...........###.
#..###.........#..#
####.......)...##...
#.##....#)..###...


You could see Grum and 2 wolves.

Vanquished Creatures
  Grinder (D:5)
  A wyvern (D:8)
  Menkaure (D:5)
  A water moccasin (D:7)
  3 orc warriors
  An ice beast (D:7)
  4 black bears
  A centaur (D:8)
  2 wolves (D:8)
  Blork the orc (D:4)
  A phantom (D:5)
  2 bullfrogs
  2 scorpions
  8 wights (D:6)
  4 howler monkeys
  5 killer bees (D:8)
  4 orc priests
  3 jellies
  2 hounds
  4 iguanas
  6 orc wizards
  Natasha (D:3)
  7 adders
  A shadow imp (D:6)
  An ufetubus (D:5)
  A dart slug (D:2)
  A worm (D:5)
  28 orcs
  6 bats
  5 endoplasms
  2 giant cockroaches
  6 goblins
  4 hobgoblins
  5 kobolds
  4 quokkas
  8 ball pythons
  4 frilled lizards
  2 rats
143 creatures vanquished.

Notes
Turn   | Place    | Note
-------+----------+-------------------------------------------
     0 | D:1      | billz999 the Demonspawn Fighter began the quest for the
                  | Orb.
     0 | D:1      | Reached XP level 1. HP: 18/18 MP: 1/1
   143 | D:1      | Reached skill level 2 in Axes
   183 | D:1      | Gained mutation: You are partially covered in molten
                  | scales. (AC +2) [demonic ancestry]
   183 | D:1      | Reached XP level 2. HP: 19/24 MP: 2/2
  1110 | D:2      | Reached XP level 3. HP: 27/29 MP: 3/3
  1216 | D:2      | You fall into a shaft and drop 1 floor!
  1236 | D:3      | Gained mutation: You are mostly covered in molten scales.
                  | (AC +3) [demonic ancestry]
  1236 | D:3      | Reached XP level 4. HP: 27/35 MP: 4/4
  1537 | D:3      | Reached skill level 3 in Axes
  1741 | D:3      | Noticed Natasha
  1759 | D:3      | Killed Natasha
  1830 | D:3      | Gained mutation: Your touch may inflict minor irresistible
                  | damage on your foes. [demonic ancestry]
  1830 | D:3      | Reached XP level 5. HP: 27/42 MP: 5/5
  1988 | D:3      | Found Efouded's Antique Weapon Emporium.
  2094 | D:3      | Found a bloodstained altar of Trog.
  2100 | D:3      | Became a worshipper of Trog the Wrathful
  2383 | D:4      | Found a staircase to the Ecumenical Temple.
  2939 | D:4      | Noticed Blork the orc
  3025 | D:5      | Entered Level 5 of the Dungeon
  3147 | D:5      | Reached skill level 4 in Axes
  3147 | D:5      | Gained mutation: You may rarely emit foul miasma when
                  | damaged in melee. [demonic ancestry]
  3147 | D:5      | Reached XP level 6. HP: 24/48 MP: 6/6
  3394 | D:5      | Gained mutation: Your touch may inflict irresistible damage
                  | on your foes. [demonic ancestry]
  3394 | D:5      | Reached XP level 7. HP: 41/55 MP: 7/7
  3488 | D:5      | Found Etechega's Book Boutique.
  3500 | D:5      | Noticed Grinder
  3525 | D:5      | Killed Grinder
  3526 | D:5      | Reached skill level 5 in Axes
  3640 | D:5      | Reached skill level 5 in Fighting
  3752 | D:5      | Identified the +0 helmet of Dim Light {+Blink rPois Will-}
  3950 | D:5      | Noticed Menkaure
  3961 | D:5      | Killed Menkaure
  3961 | D:5      | Reached * piety under Trog
  4561 | D:4      | Killed Blork the orc
  4562 | D:4      | Reached skill level 6 in Axes
  4562 | D:4      | Reached XP level 8. HP: 62/62 MP: 8/8
  4666 | D:6      | Reached skill level 5 in Armour
  4761 | D:6      | Found a broken altar of Ashenzari.
  4919 | D:6      | Reached skill level 7 in Axes
  5535 | D:7      | Gained mutation: Your touch may irresistibly damage your
                  | foes and sap their willpower. [demonic ancestry]
  5535 | D:7      | Reached XP level 9. HP: 63/71 MP: 9/9
  5568 | D:7      | Found an iron altar of Okawaru.
  5854 | D:7      | Reached skill level 8 in Axes
  5984 | D:7      | Reached ** piety under Trog
  6670 | D:8      | Found a transporter.
  6752 | D:8      | Reached skill level 9 in Axes
  6971 | D:8      | Noticed Grum
  6991 | D:8      | HP: 3/72 [wolf[Grum] (9)]
  6993 | D:8      | Slain by Grum

Illustrated notes

Levels and vault maps discovered:
D:1:      onia_arrival_pyramid, layout_basic
D:2:      layout_basic, uniq_sigmund
D:3:      layout_loops_corners, mainiacjoe_overflow_alcove_2, serial_shops,
          nicolae_shop_trees, reono_crystal_passage, minmay_misc_feat_encased,
          minmay_misc_feat_hallway, grunt_decor_clamped, uniq_natasha
D:4:      layout_loops_corners, minmay_temple_entry_tees, uniq_blork_the_orc
D:5:      layout_gridville, serial_shops, nicolae_take_the_stairs,
          uniq_menkaure, uniq_grinder
D:6:      layout_cave_pools, ashenzari_altar_1, mainiacjoe_overflow_alcove_1,
          lemuel_doored_altar, nicolae_ru_the_path_less_chosen, serial_glass,
          glass_columns_a, glass_columns_a, serial_shops, shop_statue,
          centaur_isle
D:7:      layout_cave_pods, mainiacjoe_overflow_six_doors_small,
          minmay_large_rounded_square
D:8:      layout_cave_pools, makhleb_altar_promises_db, amcnicky_altar_gilded,
          gammafunk_ghost_berserking_beasts, uniq_erica, uniq_grum

Skill      XL: |  1  2  3  4  5  6  7  8  9 |
---------------+----------------------------+-----
Axes           | 2 3 4 6 7 9 |  9.2
Armour         | 3 4 5 6 |  6.8
Shields        | 3 |  3.3
Fighting       | 4 5 6 7 |  7.5

Action                   |  1- 3 |  4- 6 |  7- 9 || total
-------------------------+-------+-------+-------++-------
Melee: War axe           |    96 |   149 |   271 ||   516
Invok: Berserk           |       |       |     9 ||     9
 Abil: Evoke Blink       |       |       |     1 ||     1
Evoke: Wand              |       |       |     3 ||     3
  Use: Scroll            |       |       |     2 ||     2
       Potion            |       |       |     1 ||     1
Armor: Scale mail        |    48 |    90 |   170 ||   308
Dodge: Dodged            |    35 |    67 |   156 ||   258
Block: Buckler           |    17 |    39 |    67 ||   123

Table legend: (Time is in decaauts)
 A = Elapsed time spent in this place.
 B = Non-inter-level travel time spent in this place.
 C = Inter-level travel time spent in this place.
 D = Time resting spent in this place.
 E = Time spent auto-exploring this place.
 F = Levels seen in this place.
 G = Mean time per level.
                   A        B        C        D        E       F      G
               +--------+--------+--------+--------+--------+-----+--------+
         Total |   7210 |   6833 |    377 |    726 |   4979 |   8 |  901.2 |
       Dungeon |   7210 |   6833 |    377 |    726 |   4979 |   8 |  901.2 |
               +--------+--------+--------+--------+--------+-----+--------+

Top non-repeatable levels by time:
     D:4: 1249 daAuts
     D:5: 1210 daAuts
     D:3: 1170 daAuts
     D:7: 1089 daAuts
     D:1: 1035 daAuts
     D:6: 818 daAuts
     D:8: 420 daAuts
     D:2: 216 daAuts
